 Dungeon Crawl Stone Soup version 0.20.1-1-g8b1a95d (webtiles) character file.

62787 darthevandar the Fighter (level 15, -4/86 HPs)
             Began as a Vine Stalker Fighter on Nov 2, 2017.
             Was a Follower of Uskayaw.
             Slain by an orc knight
             ... wielding a +0 battleaxe
              (13 damage)
             ... on level 2 of the Orcish Mines.
             The game lasted 01:06:45 (18424 turns).

darthevandar the Fighter (Vine Stalker Fighter)    Turns: 18424, Time: 01:06:46

Health: -4/86      AC: 19    Str: 21 (24) XL:     15   Next: 7%
Magic:  0/22       EV: 14    Int:  8 (11) God:    Uskayaw [*.....]
Gold:   1657       SH: 11    Dex: 23 (24) Spells: 14/14 levels left

rFire    . . .     SeeInvis .   U - +6 short sword (venom)
rCold    . . .     Gourm    .   c - +1 shield
rNeg     . . .     Faith    .   y - +5 ring mail "Wegrepli" {rElec}
rPois    .         Spirit   +   F - +2 hat {Int+3}
rElec    +         Reflect  .   B - +0 cloak
rCorr    .         Harm     .   a - +0 pair of gloves of Gravitas {MR+ Str+4}
MR       ++...                  (no boots)
Stlth    +++++++...             (no amulet)
Regen    1.1/turn               s - ring of stealth
MPRegen  0.2/turn               T - +3 ring of protection

@: agile, drained
A: fangs 3, regeneration 2, magic shield, antimagic bite, no potion heal 3, rot
immunity
a: Stomp, Renounce Religion


You were on level 2 of the Orcish Mines.
You worshipped Uskayaw.
Uskayaw was aware of your devotion.
You were hungry.

You visited 4 branches of the dungeon, and saw 21 of its levels.

You collected 1776 gold pieces.
You spent 119 gold pieces at shops.

Inventory:

Hand Weapons
 K - a +2 dagger of electrocution
 U - a +6 short sword of venom (weapon)
Armour
 a - the +0 pair of gloves of Gravitas (worn) {MR+ Str+4}
   (You found it on level 2 of the Lair of Beasts)

   It affects your strength (+4).
   It affects your resistance to hostile enchantments.
 c - a +1 shield (worn)
 h - the +3 ring mail of the Doldrums {rC+}
   (You found it on level 4 of the Lair of Beasts)

   It protects you from cold.
 n - a +0 pair of gloves of strength
 y - the +5 ring mail "Wegrepli" (worn) {rElec}
   (You found it on level 10 of the Dungeon)

   It insulates you from electricity.
 B - a +0 cloak (worn)
 F - a +2 hat of intelligence (worn)
Jewellery
 s - a ring of stealth (left hand)
 x - an uncursed ring of protection from cold
 J - a +4 ring of dexterity
 Q - an uncursed ring of protection from magic
 T - a +3 ring of protection (right hand)
Wands
 b - a wand of digging (11/24)
 k - a wand of polymorph (16/24)
 L - a wand of paralysis (16/24)
Scrolls
 j - 5 scrolls of identify
 p - 3 scrolls of amnesia
 q - 3 scrolls of magic mapping
 r - 7 scrolls of enchant armour
 D - 5 scrolls of remove curse
 P - 2 scrolls of recharging
 W - 2 scrolls of enchant weapon
Potions
 d - a potion of invisibility {unknown}
 e - a potion of magic
 i - 4 potions of mutation {unknown}
 o - 2 potions of berserk rage {unknown}
 w - 3 potions of haste
 z - 5 potions of heal wounds
 A - 2 potions of brilliance
 E - 5 potions of agility
 G - 3 potions of degeneration
 H - 2 potions of lignification
 I - 3 potions of curing
 S - a potion of flight
Books
 m - a book of Enchantments

   Spells                             Type                      Level
   a - Cause Fear                     Hexes                        4
   b - Yara's Violent Unravelling     Hexes/Transmutation          5
   c - Silence                        Hexes/Air                    5
   d - Deflect Missiles               Charms/Air                   6
   e - Discord                        Hexes                        8
Comestibles
 f - 6 bread rations
 g - 4 meat rations
 u - 18 fruits
 C - 5 royal jellies


   Skills:
 * Level 13.0(12.5) Fighting
 - Level 12.2(11.7) Short Blades
   Level 1.8(1.4) Maces & Flails
 + Level 8.8(8.3) Armour
 - Level 1.9(1.6) Dodging
 + Level 12.2(11.7) Stealth
 + Level 3.0(2.6) Shields
 * Level 9.0(8.5) Invocations


You had 14 spell levels left.
You didn't know any spells.

Dungeon Overview and Level Annotations

Branches:
Dungeon (12/15)            Temple (1/1) D:5            Lair (6/6) D:11
  Swamp (0/4) Lair:2        Snake (0/4) Lair:4          Orc (2/2) D:12
    Elf (0/3) Orc:2
  Slime: Lair:5-6

Altars:
Cheibriados
Dithmenos
Elyvilon
Hepliaklqana
Kikubaaqudgha
Makhleb
Okawaru
Qazlal
Ru
Sif Muna
Trog
Uskayaw
Vehumet
Zin
The Shining One

Shops:
D:4 (   Orc:1 *   Orc:2 [[[?

Portals:
Hell: Lair:6
Bazaar: D:11

Annotations:
D:10 Sonja


Innate Abilities, Weirdness & Mutations

You have razor-sharp teeth.
You heal very quickly.
When hurt, damage is shared between your health and your magic reserves.
Your bite disrupts and absorbs the magic of your enemies.
Potions cannot restore your health.
You are immune to rotting.


Message History

Beogh smites you!
* * * LOW HITPOINT WARNING * * *
The orc sorcerer gestures wildly while chanting.
You see here a bolt.
Okay, then.
As you read the scroll of fog, it crumbles to dust.
The scroll dissolves into smoke.
The orc knight is engulfed in a cloud of scalding steam.
You block the orc warrior's attack.
The orc sorcerer hits you but does no damage.
You see here a rat skeleton.
You feel agile all of a sudden. You block the orc knight's attack.
The orc warrior completely misses you.
The orc knight is engulfed in a cloud of scalding steam.
The orc sorcerer closely misses you.
It was a potion of degeneration.
There was something very wrong with that liquid.
You feel weakened.
You feel dopey.
You feel clumsy.
The orc knight hits you with a battleaxe!
You die...

#..........#
#.÷..3...#....#. .........#
#..÷..o..#......
.......###÷..§.o..#......
#.))..##....oo.4o#......
####))).##.÷o÷)§oo÷#.#.##.
##.#)#..).##..§§o.3##....#.
#..))##...####o3§.##....#.#
##.)).#..))##oo§§.#....#...
###..##..@o§§§o###<......#
#...##..o§§§##.#........
#....##§§§###.#....#....
##....#####.............
##.....................
##..#.................
####.................
##.#..............
##...............


You could see an orc knight and an orc sorcerer.

Vanquished Creatures
  Gastronok (D:8)
  The ghost of Piramida the Basher, a journeyman MiBe of Trog (Orc:2)
  Nessos (D:12)
  3 hydras
  Fannar (D:10)
  3 death yaks (Lair:4)
  6 two-headed ogres
  An orc high priest (Orc:2)
  A sun demon (Lair:6)
  An unseen horror (D:12)
  A wizard (Lair:6)
  2 orc knights
  A deep elf mage (D:12)
  2 cyclopes (D:11)
  An ugly thing (D:12)
  3 slime creatures (D:12)
  An elephant (D:11)
  Psyche (D:10)
  An orange demon (Lair:6)
  2 black mambas
  Joseph (D:8)
  A smoke demon (Lair:6)
  10 spiny frogs
  4 rime drakes (Lair:6)
  5 komodo dragons
  4 ice devils (Lair:6)
  4 trolls
  A hornet (D:11)
  11 blink frogs
  8 dream sheep (Lair:6)
  A polar bear (Lair:6)
  14 hippogriffs
  2 shadows
  19 yaks
  2 wraiths
  3 wyverns
  3 basilisks
  A hungry ghost (D:11)
  A steam dragon (D:11)
  Grum (D:8)
  4 nagas (Lair:4)
  2 wargs
  A soldier ant (D:12)
  4 hell hounds (Lair:6)
  6 porcupines
  6 water moccasins
  3 ice beasts
  18 orc warriors
  4 sky beasts
  3 black bears
  6 ogres
  4 phantoms
  An eye of draining (D:12)
  9 wolves
  2 centaurs
  14 crocodiles
  A big kobold (D:9)
  4 bullfrogs
  A wyvern skeleton (D:8)
  9 killer bees
  An electric eel (Lair:5)
  12 wights
  5 howler monkeys
  7 crimson imps
  2 centaur zombies (D:6)
  2 bullfrog zombies
  A gnoll shaman (D:4)
  4 jellies
  6 hounds
  13 orc priests
  A bullfrog skeleton (D:11)
  21 orc wizards
  Crazy Yiuf (D:3)
  5 iguanas
  7 worker ants
  2 hound skeletons
  2 howler monkey zombies (D:5)
  A worker ant zombie (D:7)
  8 gnolls
  11 adders
  4 shadow imps
  An adder zombie (D:8)
  An ooze (D:6)
  2 worms (D:2)
  A leopard gecko (D:5)
  81 orcs
  A ball python (D:8)
  7 bats
  22 giant cockroaches
  7 goblins
  2 hobgoblins
  12 jackals
  9 quokkas
  5 frilled lizards
  A giant cockroach zombie (D:5)
  A jackal skeleton (D:4)
  2 jackal zombies
  13 kobolds
  A leopard gecko skeleton (D:5)
  A quokka skeleton (D:7)
  11 rats
529 creatures vanquished.

Vanquished Creatures (others)
  An orc priest (Orc:2)
  2 orc wizards (Orc:2)
  2 fungi (Lair:6)
  2 plants
7 creatures vanquished.

Grand Total: 536 creatures vanquished

Notes
Turn   | Place    | Note
-------+----------+-------------------------------------------
     0 | D:1      | darthevandar the Vine Stalker Fighter began the quest for the Orb.
     0 | D:1      | Reached XP level 1. HP: 11/11 MP: 2/2
   330 | D:1      | Reached XP level 2. HP: 9/16 MP: 3/3
   349 | D:1      | Reached skill level 3 in Fighting
   877 | D:1      | Reached XP level 3. HP: 18/20 MP: 4/4
  1338 | D:2      | Reached skill level 1 in Stealth
  1572 | D:2      | Gained mutation: Your natural rate of healing is unusually fast. [Vine Stalker growth]
  1572 | D:2      | Reached XP level 4. HP: 22/24 MP: 5/5
  1823 | D:2      | Reached skill level 1 in Short Blades
  1954 | D:3      | Noticed a centaur
  1966 | D:2      | Killed a centaur
  1966 | D:2      | Reached skill level 4 in Fighting
  1966 | D:2      | Reached XP level 5. HP: 17/29 MP: 4/6
  2027 | D:3      | Found a runed door.
  2104 | D:3      | Noticed Crazy Yiuf
  2112 | D:3      | Killed Crazy Yiuf
  2617 | D:4      | Found Fuafefechu's Weapon Shoppe.
  2690 | D:4      | Reached XP level 6. HP: 33/33 MP: 7/7
  2799 | D:4      | Paralysed by an orc for 5 turns
  2931 | D:4      | Noticed a phantom
  2968 | D:4      | Killed a phantom
  2968 | D:4      | Reached XP level 7. HP: 37/38 MP: 8/8
  3423 | D:4      | Reached skill level 5 in Fighting
  3796 | D:5      | Entered Level 5 of the Dungeon
  3818 | D:5      | Found a staircase to the Ecumenical Temple.
  3827 | Temple   | Entered the Ecumenical Temple
  3961 | Temple   | Became a worshipper of Uskayaw the Reveler
  4049 | D:5      | Reached * piety under Uskayaw
  4053 | D:5      | Reached ** piety under Uskayaw
  4088 | D:5      | Gained mutation: You have razor-sharp teeth. [Vine Stalker growth]
  4088 | D:5      | Reached XP level 8. HP: 44/44 MP: 9/9
  4329 | D:5      | Reached *** piety under Uskayaw
  4337 | D:5      | Reached **** piety under Uskayaw
  4343 | D:5      | Reached ***** piety under Uskayaw
  4360 | D:5      | Reached ****** piety under Uskayaw
  4363 | D:5      | Reached skill level 1 in Invocations
  4937 | D:6      | Reached skill level 6 in Fighting
  4937 | D:6      | Reached skill level 5 in Stealth
  4941 | D:6      | Reached skill level 5 in Short Blades
  5175 | D:6      | Reached XP level 9. HP: 28/49 MP: 11/11
  6100 | D:7      | Reached skill level 7 in Fighting
  6505 | D:8      | Noticed Gastronok
  6554 | D:8      | Killed Gastronok
  6554 | D:8      | Reached skill level 8 in Fighting
  6554 | D:8      | Reached skill level 5 in Armour
  6554 | D:8      | Reached XP level 10. HP: 36/56 MP: 12/14
  6608 | D:8      | Noticed Grum
  6874 | D:8      | Noticed Joseph
  6992 | D:9      | Noticed a two-headed ogre
  7085 | D:9      | Found a hazy altar of Hepliaklqana.
  7240 | D:8      | Killed Grum
  7657 | D:8      | Killed Joseph
  8451 | D:9      | Killed a two-headed ogre
  8451 | D:9      | Reached skill level 9 in Fighting
  8451 | D:9      | Reached XP level 11. HP: 42/62 MP: 15/15
  8562 | D:9      | Reached skill level 5 in Invocations
  8908 | D:10     | Entered Level 10 of the Dungeon
  8913 | D:10     | Noticed Sonja
  8999 | D:10     | Noticed Fannar
  9015 | D:10     | Killed Fannar
  9054 | D:10     | Noticed Psyche
  9060 | D:10     | Killed Psyche
  9198 | D:10     | Got a sapphire-encrusted ring mail
  9209 | D:10     | Identified the +5 ring mail "Wegrepli" {rElec} (You found it on level 10 of the Dungeon)
  9393 | D:10     | Noticed a two-headed ogre
  9402 | D:10     | Killed a two-headed ogre
  9745 | D:11     | Found a staircase to the Lair.
 10014 | D:11     | Noticed a two-headed ogre
 10024 | D:11     | Killed a two-headed ogre
 10024 | D:11     | Reached skill level 10 in Fighting
 10361 | D:11     | Found a gateway to a bazaar.
 10508 | D:11     | Noticed a cyclops
 10522 | D:11     | Killed a cyclops
 10522 | D:11     | Gained mutation: You heal very quickly. [Vine Stalker growth]
 10522 | D:11     | Reached XP level 12. HP: 52/67 MP: 17/17
 10734 | D:11     | Noticed a two-headed ogre
 10747 | D:11     | Killed a two-headed ogre
 11022 | D:11     | Noticed a two-headed ogre
 11035 | D:11     | Killed a two-headed ogre
 11745 | D:12     | Noticed a two-headed ogre
 11758 | D:12     | Reached skill level 10 in Stealth
 11763 | D:12     | Killed a two-headed ogre
 11933 | D:12     | Identified a scroll of acquirement
 11934 | D:12     | Got a warped hunting sling
 11983 | D:12     | Reached skill level 10 in Short Blades
 12025 | D:12     | Identified the +8 hunting sling "Gram" {speed, Str+4 Stlth+} (You acquired it on level 12 of the Dungeon)
 12086 | D:12     | Noticed a four-headed hydra
 12095 | D:12     | Killed a four-headed hydra
 12095 | D:12     | Reached skill level 11 in Fighting
 12393 | D:12     | Noticed Nessos
 12429 | D:12     | Reached skill level 1 in Dodging
 12429 | D:12     | Reached XP level 13. HP: 9/74 MP: 11/19
 12434 | D:12     | Killed Nessos
 12546 | D:12     | Found a staircase to the Orcish Mines.
 12693 | Lair:1   | Entered Level 1 of the Lair of Beasts
 13026 | Lair:1   | Reached XP level 14. HP: 79/79 MP: 20/20
 13549 | Lair:2   | Got a pair of transparent gloves
 13560 | Lair:2   | Identified the +0 pair of gloves of Gravitas {MR+ Str+4} (You found it on level 2 of the Lair of Beasts)
 13649 | Lair:2   | Found a staircase to the Swamp.
 13717 | Lair:2   | Reached skill level 12 in Fighting
 13838 | Lair:2   | Found a dark tunnel.
 15344 | Lair:4   | Got an amethyst-encrusted ring mail
 15355 | Lair:4   | Identified the +3 ring mail of the Doldrums {rC+} (You found it on level 4 of the Lair of Beasts)
 15403 | Lair:4   | Found a staircase to the Snake Pit.
 16379 | Lair:6   | Entered Level 6 of the Lair of Beasts
 17029 | Lair:6   | Found a burning altar of Makhleb.
 17365 | Lair:6   | Found a gateway to Hell.
 17881 | Orc:1    | Entered Level 1 of the Orcish Mines
 17977 | Orc:1    | Found Giogot's General Store.
 17982 | Orc:1    | Bought a scroll of teleportation for 51 gold pieces
 17982 | Orc:1    | Bought a potion of might for 68 gold pieces
 17992 | Orc:1    | Found a radiant altar of Vehumet.
 18192 | Orc:2    | Entered Level 2 of the Orcish Mines
 18192 | Orc:2    | Found a staircase to the Elven Halls.
 18255 | Orc:2    | Noticed Piramida's ghost (journeyman MiBe)
 18281 | Orc:2    | Killed Piramida's ghost
 18281 | Orc:2    | Reached XP level 15. HP: 85/85 MP: 22/22
 18373 | Orc:2    | Reached skill level 13 in Fighting
 18411 | Orc:2    | Found Enuenewu's Magic Scroll Shoppe.
 18411 | Orc:2    | Found Nucyd's Antique Armour Shop.
 18411 | Orc:2    | Found Gapt's Armour Shoppe.
 18411 | Orc:2    | Found Qucux's Armour Shop.
 18417 | Orc:2    | HP: 2/86 [orc high priest/divine providence (11)]
 18424 | Orc:2    | Slain by an orc knight

Skill      XL: |  1  2  3  4  5  6  7  8  9 10 11 12 13 14 15 |
---------------+----------------------------------------------+-----
Fighting       | 3 4 5 6 8 9 10 11 12 13 | 13.0
Stealth        | 1 2 3 4 5 7 8 9 10 11 12 | 12.2
Short Blades   | 1 2 3 4 5 7 8 9 10 12 | 12.2
Armour         | 3 4 5 6 7 8 |  8.8
Invocations    | 2 4 6 7 8 9 |  9.0
Dodging        | 1 |  1.9
Shields        | 3 |  3.0
Maces & Flails | |  1.8

Action                   |  1- 3 |  4- 6 |  7- 9 | 10-12 | 13-15 || total
-------------------------+-------+-------+-------+-------+-------++-------
Melee: Flail             |    55 |       |       |       |       ||    55
       Bite              |    39 |    57 |   154 |   262 |   249 ||   761
       Dagger            |    70 |   148 |   358 |   134 |       ||   710
       Short sword       |       |       |       |   480 |   585 ||  1065
Invok: Grand Finale      |       |       |       |       |     3 ||     3
  Use: Potion            |       |     1 |     1 |    14 |     3 ||    19
       Scroll            |       |     8 |     3 |    16 |    10 ||    37
 Stab: Paralysed         |       |       |    13 |    30 |    28 ||    71
       Sleeping          |       |       |     6 |    20 |    37 ||    63
       Distracted        |       |       |       |     5 |     1 ||     6
  Eat: Chunk             |     2 |     4 |     8 |    10 |    11 ||    35
       Bread ration      |       |       |     1 |     2 |       ||     3
       Fruit             |       |       |       |     1 |       ||     1
       Meat ration       |       |       |       |       |     2 ||     2
Armor: Chain mail        |   105 |    78 |    93 |       |       ||   276
       Scale mail        |     4 |       |       |       |       ||     4
       Leather armour    |       |       |    34 |    62 |       ||    96
       Ring mail         |       |       |       |   122 |   103 ||   225
       Skin              |       |       |       |    11 |     2 ||    13
Dodge: Dodged            |    44 |    31 |    65 |   119 |    92 ||   351
Block: Shield            |    93 |    75 |   140 |   248 |   193 ||   749
